 Dungeon Crawl Stone Soup version 0.22.1-5-g62c59d919a (webtiles) character file.

140 NochnoyZador the Cudgeler (level 5, -4/45 HPs)
             Began as a Minotaur Monk on Jan 12, 2019.
             Slain by Crazy Yiuf
             ... wielding a +4 quarterstaff of chaos
              (5 damage)
             ... on level 2 of the Dungeon.
             The game lasted 00:04:55 (2081 turns).

NochnoyZador the Cudgeler (Minotaur Monk)           Turns: 2081, Time: 00:04:55

Health: -4/45      AC:  2    Str: 17    XL:     5   Next: 2%
Magic:  4/4        EV: 12    Int:  7    God:
Gold:   137        SH:  3    Dex: 12    Spells: 4/4 levels left

rFire    . . .     SeeInvis .   a - +0 mace
rCold    + . .     Gourm    .   d - +0 buckler {rC+}
rNeg     . . .     Faith    .   b - +0 robe
rPois    .         Spirit   .   (helmet restricted)
rElec    .         Reflect  .   (no cloak)
rCorr    .         Harm     .   (no gloves)
MR       .....                  (no boots)
Stlth    ++........             (no amulet)
HPRegen  0.15/turn              (no ring)
MPRegen  0.09/turn              (no ring)

@: drained
A: retaliatory headbutt, horns 2
a: no special abilities


You were on level 2 of the Dungeon.
You were not hungry.

You visited 1 branch of the dungeon, and saw 2 of its levels.

You collected 137 gold pieces.

Inventory:

Hand Weapons
 a - a +0 mace (weapon)
Missiles
 j - 2 stones (quivered)
Armour
 b - a +0 robe (worn)
 d - a +0 buckler of cold resistance (worn)
Scrolls
 f - 2 scrolls of magic mapping {unknown}
 g - 3 scrolls of teleportation {unknown}
 n - 2 scrolls of noise {unknown}
Potions
 e - a potion of flight {unknown}
 h - a potion of lignification {unknown}
 i - a potion of curing {unknown}
 k - a potion of magic {unknown}
 l - a potion of haste {unknown}
 m - 3 potions of agility {unknown}
 p - a potion of ambrosia {unknown}
Comestibles
 c - 4 rations
 o - 5 chunks of flesh


   Skills:
 * Level 3.6(3.0) Fighting
 + Level 6.9(6.3) Maces & Flails
 - Level 3.2(2.7) Dodging
 - Level 1.5(1.0) Stealth


You had 4 spell levels left.
You didn't know any spells.
Your spell library was empty.

Dungeon Overview and Level Annotations

Branches:
Dungeon (2/15)

Altars:
Fedhas

Annotations:
D:2 Crazy Yiuf


Innate Abilities, Weirdness & Mutations

You reflexively headbutt those who attack you in melee.
You have a pair of horns on your head.


Message History

You hit Crazy Yiuf but do no damage. Your headbutt misses Crazy Yiuf.
Crazy Yiuf is lightly wounded.
Crazy Yiuf hits you with a quarterstaff of chaos!
* * * LOW HITPOINT WARNING * * *
You hit Crazy Yiuf but do no damage. You headbutt Crazy Yiuf!
Crazy Yiuf is heavily wounded.
Crazy Yiuf hits you with a quarterstaff of chaos!
* * * LOW HITPOINT WARNING * * *
You feel drained.
* * * LOW HITPOINT WARNING * * *
You hit Crazy Yiuf but do no damage.
Crazy Yiuf is heavily wounded.
Crazy Yiuf hits you with a quarterstaff of chaos.
* * * LOW HITPOINT WARNING * * *
You feel drained.
* * * LOW HITPOINT WARNING * * *
You barely miss Crazy Yiuf.
Crazy Yiuf is heavily wounded.
Crazy Yiuf hits you with a quarterstaff of chaos.
You die...

.......# #.#
##.##.#
.......# #.#
#.##.#
.......#####
### #..#..
...........#
##.#..
.......###.#
##### #....
.......###.#
#)..# ##..#
....#####..#
#...# #.>.
....# #..#
#.g.#
############
....# #..#
#@#
#...........
....#####..#
♣.♣♣
############
.......##..#
♣♣.♣
#...........
...........#
♣.♣♣
#.######....
...........#
♣♣.♣
#.#.........
...........#
♣♣.♣♣
#.#.####....
##.........#
♣♣...♣ #.#.#
#....
#.........#
♣....♣ #.#.#
#....
#....(..).#
#....#
#.#.####....


You could see Crazy Yiuf.

Vanquished Creatures
  Jessica (D:2)
  4 adders (D:2)
  2 oozes (D:1)
  4 worms (D:2)
  2 dart slugs
  2 leopard geckos (D:1)
  6 bats
  3 giant cockroaches
  4 goblins
  10 hobgoblins
  3 jackals (D:2)
  A quokka (D:2)
  3 frilled lizards
  2 kobolds
  5 rats
52 creatures vanquished.

Notes
Turn   | Place    | Note
-------+----------+-------------------------------------------
     0 | D:1      | NochnoyZador the Minotaur Monk began the quest for the Orb.
     0 | D:1      | Reached XP level 1. HP: 19/19 MP: 0/0
    36 | D:1      | Reached skill level 4 in Maces & Flails
   157 | D:1      | Reached XP level 2. HP: 26/26 MP: 1/1
   425 | D:1      | Reached skill level 5 in Maces & Flails
   450 | D:1      | Reached XP level 3. HP: 22/31 MP: 2/2
   861 | D:2      | Noticed Jessica
   869 | D:2      | Killed Jessica
   869 | D:2      | Reached skill level 6 in Maces & Flails
   869 | D:2      | Reached XP level 4. HP: 26/39 MP: 3/3
  1101 | D:2      | Found a blossoming altar of Fedhas.
  1893 | D:2      | Found a runed door.
  1956 | D:2      | Reached XP level 5. HP: 39/45 MP: 4/4
  2073 | D:2      | Noticed Crazy Yiuf
  2080 | D:2      | HP: 2/45 [Crazy Yiuf/quarterstaff of chaos (4)]
  2081 | D:2      | Slain by Crazy Yiuf

Skill      XL: |  1  2  3 |
---------------+----------+-----
Maces & Flails | 4 5 6 |  6.9
Fighting       | |  3.6
Dodging        | |  3.2
Stealth        | |  1.5

Action                   |  1- 3 |  4- 6 || total
-------------------------+-------+-------++-------
Melee: Mace              |    64 |    70 ||   134
       Headbutt          |    12 |    14 ||    26
 Stab: Sleeping          |     1 |     1 ||     2
  Eat: Chunk             |       |     4 ||     4
Armor: Robe              |     8 |     7 ||    15
Dodge: Dodged            |    38 |    34 ||    72
Block: Buckler           |       |     9 ||     9
